 Dungeon Crawl Stone Soup version 0.21-a0-504-g2eda33064f (webtiles) character file.

39 Kaname the Conjurer (level 3, 3/24 HPs)
             Began as a Demonspawn Wizard on Nov 25, 2017.
             Quit the game on level 2 of the Dungeon.
             The game lasted 00:02:26 (615 turns).

Kaname the Conjurer (Demonspawn Wizard)              Turns: 615, Time: 00:02:27

Health: 3/24       AC:  2    Str:  7    XL:     3   Next: 28%
Magic:  3/7        EV: 12    Int: 20    God:
Gold:   46         SH:  0    Dex:  8    Spells: 5/8 levels left

rFire    . . .     SeeInvis .   e - +2 spear (vamp)
rCold    . . .     Gourm    .   (no shield)
rNeg     . . .     Faith    .   a - +0 robe
rPois    +         Spirit   .   b - +0 hat
rElec    .         Reflect  .   (no cloak)
rCorr    .         Harm     .   (no gloves)
MR       .....                  (no boots)
Stlth    ++........             (no amulet)
HPRegen  0.08/turn              i - ring of poison resistance
MPRegen  0.10/turn              j - -3 ring of dexterity (curse)

@: very slightly contaminated
A: claws 1, demonic guardian 1
a: no special abilities


You were on level 2 of the Dungeon.
You were not hungry.

You visited 1 branch of the dungeon, and saw 2 of its levels.

You collected 46 gold pieces.

Inventory:

Hand Weapons
 e - a +2 vampiric spear (weapon)
 g - a +2 dagger of draining
Armour
 a - a +0 robe (worn)
 b - a +0 hat (worn)
Jewellery
 i - a ring of poison resistance (left claw)
 j - a cursed -3 ring of dexterity (right claw)
Scrolls
 f - 2 scrolls of identify {unknown}
 h - a scroll of blinking {unknown}
Potions
 d - a potion of agility {unknown}
 k - a potion of curing {unknown}
Books
 c - a book of Minor Magic

   Spells                             Type                      Level
   a - Magic Dart                     Conjuration                  1
   b - Blink                          Translocation                2
   c - Call Imp                       Summoning                    2
   d - Slow                           Hexes                        2
   e - Conjure Flame                  Conjuration/Fire             3
   f - Mephitic Cloud                 Conjuration/Poison/Air       3
Comestibles
 l - a bread ration


   Skills:
 - Level 1.7 Dodging
 - Level 1.7 Stealth
 - Level 3.0 Spellcasting
 + Level 3.3 Conjurations
   Level 1.0 Summonings
 - Level 0.8 Translocations


You had 5 spell levels left.
You knew the following spells:

 Your Spells              Type           Power        Failure   Level  Hunger
a - Magic Dart            Conj           ###.         3%          1    None
b - Blink                 Tloc           N/A          16%         2    ##.....


Dungeon Overview and Level Annotations

Branches:
Dungeon (2/15)

Altars:


Innate Abilities, Weirdness & Mutations

You have sharp fingernails.
A weak demonic guardian rushes to your aid.


Message History

g - Guard the area. f - Follow me.
Anything else - Cancel.
Gang up on whom?
Press: ? - help, Dir - move target cursor, f/p - crimson imp
Aim: a crimson imp (moderately wounded) Attack!
You swap places.
The crimson imp hits your white imp.
Your white imp gestures at the crimson imp.
The puff of frost hits the crimson imp.
The crimson imp is frozen!
The crimson imp dies!
Your Conjurations skill increases to level 3!
You have reached level 3!
Your experience leads to an increase in your attributes!
Your base attributes are Str 7, Int 19, Dex 11.
Increase (S)trength, (I)ntelligence, or (D)exterity?
You feel clever.
You feel monstrous as your demonic heritage exerts itself.
Your demonic ancestry asserts itself...
Your fingernails lengthen.
Are you sure you want to abandon this character and quit the game? (Confirm with "yes".)

#....#..$..$.#
#....#.... ...
#....#.#.# #.#
#.......###.#
#.........#.#
###.......#.#.#
............#.#
##.##.5##..#.##
#.....@5†)...#
#.#..#.#..#.##
#.....5.....#
#..)....<.[.##
#.#.##.........#
#.#......#######
. #......#
#.#####..(####
#.......#####


You could see a friendly quasit and 2 friendly white imps.

Vanquished Creatures
  A leopard gecko (D:1)
  4 bats (D:1)
  2 giant cockroaches
  A hobgoblin (D:1)
  2 jackals (D:1)
  A frilled lizard (D:1)
  4 goblins (D:1)
  4 kobolds
  2 rats (D:1)
21 creatures vanquished.

Vanquished Creatures (collateral kills)
  A crimson imp (D:2)
1 creature vanquished.

Grand Total: 22 creatures vanquished

Notes
Turn   | Place    | Note
-------+----------+-------------------------------------------
     0 | D:1      | Kaname the Demonspawn Wizard began the quest for the Orb.
     0 | D:1      | Reached XP level 1. HP: 13/13 MP: 4/4
   178 | D:1      | Gained mutation: A weak demonic guardian rushes to your aid. [demonic ancestry]
   178 | D:1      | Reached XP level 2. HP: 16/19 MP: 6/6
   182 | D:1      | Learned a level 2 spell: Blink
   558 | D:2      | Noticed a crimson imp
   614 | D:2      | Killed a crimson imp
   614 | D:2      | Gained mutation: You have sharp fingernails. [demonic ancestry]
   614 | D:2      | Reached XP level 3. HP: 3/24 MP: 3/7
   615 | D:2      | Quit the game

Vault maps used:
D:1:      lightli_arrival_isolated_outpost, hangedman_decor_lopped,
          minmay_misc_feat_encased
D:2:      first_bread

Skill      XL: |  1  2 |
---------------+-------+-----
Conjurations   | 2 3 |  3.3
Dodging        | |  1.7
Stealth        | |  1.7
Spellcasting   | |  3.0
Summonings     | |  1.0
Translocations | |  0.8

Action                   || total
-------------------------++-------
Melee: Spear             ||    85
 Cast: Magic Dart        ||    12
 Stab: Sleeping          ||     3
  Eat: Bread ration      ||     1
Armor: Robe              ||    13
Dodge: Dodged            ||    48

Table legend:
 A = Spawn XP
 B = Non-spawn XP
 C = Spawn XP percentage of total XP
 D = Spawn monster count
 E = Non-spawn monster count
 F = Spawn count percentage of total count
 G = Total turns spent on level
                    A         B        C        D         E        F      G
               +---------+---------+-------+---------+---------+-------+---------
         Total |       0 |      57 |   0.0 |       0 |      22 |   0.0 |   615
               +---------+---------+-------+---------+---------+-------+---------
           D:1 |       0 |      29 |   0.0 |       0 |      19 |   0.0 |   531
           D:2 |       0 |      28 |   0.0 |       0 |       3 |   0.0 |    84
               +---------+---------+-------+---------+---------+-------+---------
